 Dungeon Crawl Stone Soup version 0.17-a0-128-g90bd1c5 (webtiles) character file.

51 Zugr the Magician (level 3, 0/19 HPs)
             Began as a Gargoyle Wizard on Mar 23, 2015.
             Slain by a rat (3 damage)
             ... on level 2 of the Dungeon.
             The game lasted 00:08:22 (1618 turns).

Zugr the Magician (Gargoyle Wizard)                 Turns: 1618, Time: 00:08:22

Health: 0/19       AC:  5    Str: 10    XL:     3   Next: 81%
Magic:  1/8        EV: 11    Int: 19    God:
Gold:   56         SH:  0    Dex:  8    Spells: 2 memorised, 6 levels left

rFire  . . .     SeeInvis .     g - -3 short sword (curse)
rCold  . . .     Clarity  .     a - +0 robe
rNeg   + . .     SustAb   .     (no shield)
rPois  ∞         Gourm    .     b - +0 hat
rElec  +         Spirit   .     (no cloak)
rCorr  .         Warding  .     (no gloves)
rMut   .         Stasis   .     (no boots)
MR     .....                    (no amulet)
Stlth  ++........               (no ring)
                                (no ring)

@: not resistant to hostile enchantments, unstealthy
A: negative energy resistance 1, electricity resistance, unbreathing,
petrification resistance, rot immunity, AC +3
a: no special abilities


You were on level 2 of the Dungeon.
You were not hungry.

You visited 1 branch of the dungeon, and saw 2 of its levels.

You collected 56 gold pieces.

Inventory:

Hand weapons
 e - a +0 whip
 g - a cursed -3 short sword (weapon)
Armour
 a - a +0 robe (worn)
 b - a +0 hat (worn)
 k - a +1 large shield
Potions
 h - a potion of haste
 j - a potion of poison {unknown}
 l - a potion of mutation {unknown}
Books
 c - a book of Minor Magic

   Spells                             Type                      Level
   a - Magic Dart                     Conjuration                  1
   b - Blink                          Translocation                2
   c - Call Imp                       Summoning                    2
   d - Repel Missiles                 Charms/Air                   2
   e - Slow                           Hexes                        2
   f - Conjure Flame                  Conjuration/Fire             3
   g - Mephitic Cloud                 Conjuration/Poison/Air       3
Comestibles
 d - 2 bread rations
 f - 2 chunks of flesh
 i - a meat ration


   Skills:
 - Level 1.5 Dodging
 - Level 2.1 Stealth
 + Level 3.5 Spellcasting
 + Level 3.1 Conjurations
   Level 0.8 Summonings
   Level 0.8 Translocations


You had 6 spell levels left.
You knew the following spells:

 Your Spells              Type           Power        Failure   Level  Hunger
a - Magic Dart            Conj           ###.         4%          1    None
b - Repel Missiles        Chrm/Air       #.....       24%         2    ##.....


Dungeon Overview and Level Annotations

Branches:
Dungeon (2/15)

Altars:


Innate Abilities, Weirdness & Mutations

You are resistant to torment.
You are immune to poison.
Your stone body is very resilient (AC +3).
You resist negative energy.
You are resistant to electric shocks.
You can survive without breathing.
You are immune to petrification.
You are immune to rotting.


Message History

The rat bites you.
You hit the worm.
The worm is almost dead.
The rat closely misses you. The worm bites you but does no damage.
You hit the worm.
The worm is almost dead.
The rat barely misses you.
You barely miss the worm.
The worm is almost dead.
The rat closely misses you. The worm bites you!
* * * LOW HITPOINT WARNING * * *
You hit the worm.
The worm is almost dead.
The rat bites you but does no damage. The worm bites you.
* * * LOW HITPOINT WARNING * * *
You hit the worm.
You kill the worm!
Your Conjurations skill increases to level 3!
The rat closely misses you. The rat bites you.
You die...

........ #
.#.......
#.#.........
#####.#.........
......#.........
.................
.......$..........
#.###.##r.......>#
#.###.##@........
.##.#...##.........
......#............
#.................
#.#......)........
#................#
#........#......# .
. #......#####.####
... .. #.(..### .#


You could see a rat.

Vanquished Creatures
  An adder (D:2)
  A worm (D:2)
  8 bats
  3 giant cockroaches
  7 goblins
  5 hobgoblins (D:1)
  2 jackals (D:1)
  3 kobolds (D:1)
  3 giant newts
  5 rats (D:1)
38 creatures vanquished.

Notes
Turn   | Place    | Note
--------------------------------------------------------------
     0 | D:1      | Zugr, the Gargoyle Wizard, began the quest for the Orb.
     0 | D:1      | Reached XP level 1. HP: 10/10 MP: 4/4
   267 | D:1      | Reached XP level 2. HP: 13/15 MP: 0/6
   323 | D:1      | Learned a level 2 spell: Repel Missiles
   979 | D:1      | Reached XP level 3. HP: 19/19 MP: 0/8
  1618 | D:2      | Slain by a rat

Action                   || total
-------------------------++-------
Melee: Whip              ||    12
       Short sword       ||    35
 Cast: Magic Dart        ||    80
       Repel Missiles    ||     1
  Use: Scroll            ||     4
  Eat: Chunk             ||     2
